 Dungeon Crawl Stone Soup version 0.31-a0-614-gc85dc1c48c (webtiles) character file.

Game seed: 6993894268464717705

204 KennyOmg the Trooper (level 5, -3/47 HPs)
             Began as a Minotaur Berserker on Aug 22, 2023.
             Was a Believer of Trog.
             Slain by a gnoll
             ... wielding a +0 spear
             ... led by a gnoll sergeant
              (4 damage)
             ... on level 3 of the Dungeon.
             The game lasted 00:03:15 (1550 turns).

KennyOmg the Trooper (Minotaur Berserker)           Turns: 1550, Time: 00:03:15

Health: -3/47      AC:  7    Str: 21    XL:     5   Next: 52%
Magic:  4/4        EV: 11    Int:  6    God:    Trog [**....]
Gold:   128        SH:  0    Dex: 10    Spells: 4/4 levels left

rFire   x . .        j - +4 short sword (flame)
rCold   + . .        (no shield)
rNeg    . . .        m - +0 ring mail
rPois   .            (helmet restricted)
rElec   .            (no cloak)
rCorr   .            (no gloves)
SInv    .            p - +0 pair of boots
Will    .....        (no amulet) Stlth
                     d - ring of ice
HPRegen 0.27/turn    (no ring)
MPRegen 0.09/turn

%: no passive effects
@: no status effects
A: horns 2, retaliatory headbutt
a: Renounce Religion, Berserk, Trog's Hand


You were on level 3 of the Dungeon.
You worshipped Trog.
Trog was pleased with you.
You visited 1 branch of the dungeon, and saw 3 of its levels.

You collected 128 gold pieces.

Inventory:

Hand Weapons
 j - a +4 short sword of flaming (weapon)
   (You found it on level 1 of the Dungeon)
Missiles
 h - 4 poisoned darts (quivered)
 l - 2 throwing nets {!f}
Armour
 m - a +0 ring mail (worn)
   (You found it on level 2 of the Dungeon)
 n - a +0 cloak
   (You found it on level 2 of the Dungeon)
 p - a +0 pair of boots (worn)
   (You found it on level 2 of the Dungeon)
 r - a +0 cloak
   (You took it off Crazy Yiuf on level 2 of the Dungeon)
Jewellery
 d - a ring of ice (left hand)
   (You found it on level 1 of the Dungeon)
Scrolls
 c - 2 scrolls of identify {unknown}
 e - a scroll of blinking {unknown}
 i - a scroll of acquirement {unknown}
 k - 2 scrolls of amnesia {unknown}
 o - a scroll of immolation {unknown}
Potions
 a - a potion of enlightenment {unknown}
 b - a potion of brilliance {unknown}
 f - 3 potions of degeneration {unknown}
 g - a potion of berserk rage {unknown}
 q - a potion of heal wounds {unknown}


   Skills:
 + Level 4.9 Fighting
 * Level 3.6 Short Blades
 - Level 4.2 Axes
 + Level 3.8 Armour
 - Level 2.1 Dodging


You had 4 spell levels left.
You didn't know any spells.
Your spell library was empty.

Dungeon Overview and Level Annotations

Branches:
Dungeon (3/15)

Altars:


Innate Abilities, Weirdness & Mutations

You have a pair of horns on your head.
You reflexively headbutt those who attack you in melee.


Message History

You throw a poisoned dart.
The poisoned dart hits the gnoll sergeant.
Throw: 5 darts (poison)
Press: ? - help, Q - select action, (/) - cycle Shift-Dir - straight line, f/p - gnoll sergeant
Aim: a gnoll sergeant, wielding a +0 spear and wearing a +0 scale mail (lightly wounded, poisoned, 62% to hit)
You throw a poisoned dart.
The poisoned dart hits the gnoll sergeant.
The gnoll sergeant looks even sicker.
The gnoll sergeant closely misses you.
The gnoll sergeant hits you but does no damage.
Things that are here:
a +0 flail; a +0 club; a gnoll corpse You hit the gnoll sergeant but do no damage.
The gnoll sergeant hits you with a +0 spear!
You hit the gnoll sergeant. You burn the gnoll sergeant.
You headbutt the gnoll sergeant!
You hit the gnoll sergeant but do no damage.
The gnoll sergeant closely misses you.
You barely miss the gnoll sergeant.
The gnoll sergeant hits you with a +0 spear!
A gnoll comes into view. It is wielding a +0 spear.
You completely miss the gnoll sergeant.
The gnoll sergeant hits you with a +0 spear!
* * * LOW HITPOINT WARNING * * *
You hit the gnoll sergeant but do no damage.
You headbutt the gnoll sergeant.
The gnoll hits you from afar with a +0 spear.
* * * LOW HITPOINT WARNING * * *
The gnoll sergeant barely misses you.
You hit the gnoll sergeant. You burn the gnoll sergeant.
You headbutt the gnoll sergeant.
You kill the gnoll sergeant!
Trog accepts your kill.
The gnoll hits you from afar with a +0 spear!
* * * LOW HITPOINT WARNING * * *
There is a stone staircase leading up here.
The gnoll hits you with a +0 spear.
* * * LOW HITPOINT WARNING * * *
Things that are here:
a +0 flail; a +0 club; a gnoll corpse You closely miss the gnoll.
You hit the gnoll. You burn the gnoll. Your punch misses the gnoll.
The gnoll hits you but does no damage.
You hit the gnoll. You burn the gnoll. The gnoll hits you with a +0 spear.
* * * LOW HITPOINT WARNING * * *
You hit the gnoll. You burn the gnoll. Your headbutt misses the gnoll.
The gnoll hits you with a +0 spear.
* * * LOW HITPOINT WARNING * * *
You barely miss the gnoll. The gnoll hits you with a +0 spear.
You die...

#####.##....
#.........#g#
..........#.#
##
..........#.#
.#
..........#.##.
.......S..#.#(#
..........#.#(#
..$......##.g)#
............#@#
...##.##.##.#<#
.. ... #.##.###
# ###. #..... #
#..#.## #..#..
#..#.. #..#..


You could see a gnoll.

Vanquished Creatures
  A gnoll sergeant (D:3)
  Crazy Yiuf (D:2)
  Robin (D:2)
  2 gnolls (D:3)
  4 adders
  A worm (D:2)
  3 endoplasms
  2 giant cockroaches
  7 goblins (D:2)
  7 hobgoblins
  A jackal (D:2)
  5 kobolds
  3 quokkas
  2 ball pythons
  3 bats
  A frilled lizard (D:2)
  4 rats
48 creatures vanquished.

Notes
Turn   | Place    | Note
-------+----------+-------------------------------------------
     0 | D:1      | KennyOmg the Minotaur Berserker began the quest for the
                  | Orb.
     0 | D:1      | Reached XP level 1. HP: 19/19 MP: 0/0
   174 | D:1      | Reached XP level 2. HP: 27/27 MP: 1/1
   588 | D:2      | Reached skill level 1 in Short Blades
   588 | D:2      | Reached XP level 3. HP: 30/33 MP: 2/2
   655 | D:2      | Noticed Robin
   657 | D:2      | Reached ** piety under Trog
   677 | D:2      | Killed Robin
   680 | D:2      | Reached XP level 4. HP: 41/41 MP: 3/3
   943 | D:2      | Found a runed translucent door.
   944 | D:2      | Noticed Crazy Yiuf
  1394 | D:2      | Killed Crazy Yiuf
  1513 | D:3      | Noticed a gnoll sergeant
  1533 | D:3      | Reached XP level 5. HP: 47/47 MP: 4/4
  1549 | D:3      | HP: 1/47 [gnoll/+0 spear[a gnoll sergeant] (4)]
  1550 | D:3      | Slain by a gnoll

Illustrated notes

Levels and vault maps discovered:
D:1:      lemuel_arrival_muddy, layout_basic
D:2:      minmay_alternating_diamond, layout_loops_ring,
          uniq_crazy_yiuf_cottage, uniq_robin
D:3:      layout_basic, mainiacjoe_overflow_six_doors_small,
          dreamdust_ecumenical_altar_drowned_temple, kennysheep_generic_room_6,
          uniq_terence

Skill      XL: |  1  2  3  4 |
---------------+-------------+-----
Axes           | 4 |  4.2
Fighting       | 4 |  4.9
Short Blades   | 1 2 3 |  3.6
Armour         | 3 |  3.8
Dodging        | |  2.1

Action                     |  1- 3 |  4- 6 || total
---------------------------+-------+-------++-------
  Melee: Hand axe          |    18 |       ||    18
         Headbutt          |     6 |     8 ||    14
         Short sword       |    38 |    54 ||    92
         Punch             |       |     1 ||     1
  Throw: Dart              |       |     3 ||     3
 Invoke: Berserk           |     1 |     1 ||     2
         Trog's Hand       |     1 |     1 ||     2
 Armour: Animal skin       |    12 |     1 ||    13
         Ring mail         |       |     7 ||     7
  Dodge: Dodged            |    30 |    23 ||    53

Table legend: (Time is in decaauts)
 A = Elapsed time spent in this place.
 B = Non-inter-level travel time spent in this place.
 C = Inter-level travel time spent in this place.
 D = Time resting spent in this place.
 E = Time spent auto-exploring this place.
 F = Levels seen in this place.
 G = Mean time per level.
                   A        B        C        D        E       F      G
               +--------+--------+--------+--------+--------+-----+--------+
         Total |   1561 |   1491 |     70 |     69 |   1104 |   3 |  520.3 |
       Dungeon |   1561 |   1491 |     70 |     69 |   1104 |   3 |  520.3 |
               +--------+--------+--------+--------+--------+-----+--------+

Top non-repeatable levels by time:
     D:2: 965 daAuts
     D:1: 530 daAuts
     D:3: 66 daAuts
